 Dungeon Crawl Stone Soup version 0.31-a0-365-gcf821cafb2 (webtiles) character file.

Game seed: 16274708944991804845

284 randomguy2701 the Covered (level 6, -7/55 HPs)
             Began as a Minotaur Fighter on July 27, 2023.
             Killed from afar by an orc wizard (11 damage)
             ... with a puff of flame
             ... on level 5 of the Dungeon.
             The game lasted 00:03:13 (2770 turns).

randomguy2701 the Covered (Minotaur Fighter)        Turns: 2770, Time: 00:03:14

Health: -7/55      AC:  7    Str: 21    XL:     6   Next: 7%
Magic:  5/5        EV:  9    Int:  5    God:
Gold:   205        SH:  5    Dex: 11    Spells: 5/5 levels left

rFire   . . .        a - +0 war axe
rCold   . . .        c - +0 buckler
rNeg    . . .        b - +0 scale mail
rPois   .            (helmet restricted)
rElec   .            (no cloak)
rCorr   .            (no gloves)
SInv    .            (no boots)
Will    .....        (no amulet) Stlth
                     (no ring)
HPRegen 0.29/turn    (no ring)
MPRegen 0.09/turn

%: no passive effects
@: no status effects
A: horns 2, retaliatory headbutt
a: no special abilities


You were on level 5 of the Dungeon.
You visited 1 branch of the dungeon, and saw 5 of its levels.

You collected 205 gold pieces.

Inventory:

Hand Weapons
 a - a +0 war axe (weapon)
Armour
 b - a +0 scale mail (worn)
 c - a +0 buckler (worn)
Jewellery
 g - a ring of positive energy
 x - a +6 ring of intelligence
Wands
 w - a wand of flame (10)
 y - a wand of polymorph (7)
Scrolls
 e - 2 scrolls of immolation {unknown}
 f - 2 scrolls of teleportation {unknown}
 i - 2 scrolls of fear {unknown}
 j - a scroll of brand weapon {unknown}
 k - a scroll of blinking {unknown}
 n - 2 scrolls of noise {unknown}
 o - 2 scrolls of butterflies {unknown}
 r - a scroll of identify {unknown}
 t - 2 scrolls of enchant weapon {unknown}
 u - a scroll of enchant armour {unknown}
 v - a scroll of torment {unknown}
Potions
 d - 2 potions of might
 h - 2 potions of cancellation {unknown}
 l - a potion of heal wounds {unknown}
 m - 2 potions of mutation {unknown}
 p - a potion of invisibility {unknown}
 q - 2 potions of ambrosia {unknown}
 s - a potion of brilliance {unknown}


   Skills:
 + Level 4.9 Fighting
 + Level 4.7 Axes
 + Level 5.1 Armour
 + Level 0.7 Dodging
 + Level 0.4 Stealth
 + Level 4.7 Shields


You had 5 spell levels left.
You didn't know any spells.
Your spell library contained the following spells:

 Spells                   Type           Power      Damage    Failure   Level
 Necrotise                Necr           0%         1d4       86%         1
 Poisonous Vapours        Pois/Air       0%         N/A       94%         2
 Mephitic Cloud           Conj/Pois/Air  0%         N/A       99%         3
 Vampiric Draining        Necr           0%         2d6       99%         3
 Agony                    Necr           0%         N/A       100%        5
 Freezing Cloud           Conj/Ice/Air   0%         6-21      100%        5


Dungeon Overview and Level Annotations

Branches:
Dungeon (5/15)
 Temple: D:4-7

Altars:
Uskayaw


Innate Abilities, Weirdness & Mutations

You have a pair of horns on your head.
You reflexively headbutt those who attack you in melee.


Message History

You closely miss the orc.
You hit the orc wizard but do no damage.
Your headbutt misses the orc wizard. You slash the orc wizard!
You kill the orc wizard!
You completely miss something. Something hits you but does no damage.
You have reached level 6!
You hit the orc.
The orc is moderately wounded.
You closely miss something. You barely miss something.
The orc hits you with a +0 hand axe. Something completely misses you.
Something hits you but does no damage. The orc hits you with a +0 hand axe.
Something hits you but does no damage. Something hits you.
The orc hits you with a +0 short sword.
You hit the orc.
You kill the orc!
You hit the orc. You barely miss something. You closely miss something.
You hear some strange, mumbled words.
You are confused.
Something hits you but does no damage. The orc hits you with a +0 short sword.
* * * LOW HITPOINT WARNING * * *
A magic dart appears from out of thin air!
The magic dart hits you!
* * * LOW HITPOINT WARNING * * *
Something hits you but does no damage. The orc attacks as you move away!
The orc hits you but does no damage. Something hits you but does no damage.
You're too confused to move!
You feel less confused.
A puff of flame appears from out of thin air!
The puff of flame misses you. Something hits you.
* * * LOW HITPOINT WARNING * * *
You hear some strange, mumbled words.
A puff of flame appears from out of thin air!
The puff of flame hits you.
* * * LOW HITPOINT WARNING * * *
A puff of flame appears from out of thin air!
The puff of flame hits you!
You die...

#.. ..# # #.#### .#
#$...##.# #<#.....#
####.......#
######..........#
#......##.#?....####
#......##.#@........
#....)....##........
#...)..#####..#.....
#......#####{.######
######.o......#
###)####.# #.... .#
##.### ## #.#


There were no monsters in sight!

Vanquished Creatures
  A phantom (D:5)
  2 orc priests (D:4)
  A sleepcap (D:4)
  An orc wizard (D:5)
  4 adders
  2 dart slugs
  4 orcs
  6 endoplasms
  2 giant cockroaches
  3 goblins
  4 hobgoblins
  3 jackals (D:1)
  A quokka (D:1)
  3 ball pythons
  8 bats
  3 frilled lizards
  5 kobolds
  8 rats
61 creatures vanquished.

Notes
Turn   | Place    | Note
-------+----------+-------------------------------------------
     0 | D:1      | randomguy2701 the Minotaur Fighter began the quest for the
                  | Orb.
     0 | D:1      | Reached XP level 1. HP: 19/19 MP: 0/0
   240 | D:1      | Reached XP level 2. HP: 25/27 MP: 1/1
   373 | D:1      | Found a faded altar of an unknown god.
   791 | D:2      | Reached skill level 4 in Armour
   924 | D:2      | Reached XP level 3. HP: 33/33 MP: 2/2
  1577 | D:3      | Upgraded the game from 0.31-a0-360-gb3e1d13bf4 to
                  | 0.31-a0-365-gcf821cafb2
  1609 | D:3      | Reached XP level 4. HP: 35/41 MP: 3/3
  2486 | D:4      | Reached XP level 5. HP: 14/47 MP: 4/4
  2648 | D:4      | Found a hide-covered altar of Uskayaw.
  2725 | D:4      | Noticed an ogre
  2742 | D:5      | Entered Level 5 of the Dungeon
  2743 | D:5      | Noticed a phantom
  2753 | D:5      | Killed a phantom
  2754 | D:5      | Reached skill level 5 in Armour
  2758 | D:5      | Reached XP level 6. HP: 32/55 MP: 5/5
  2770 | D:5      | Killed from afar by an orc wizard

Illustrated notes

Levels and vault maps discovered:
D:1:      ldierk_walled_garden, layout_basic, ebering_ecumenical_altar_webs,
          minmay_misc_feat_x
D:2:      layout_loops_ring, minmay_misc_feat_rows, kennysheep_generic_room_9
D:3:      layout_basic, serial_rivers, chequers_serial_rivers_room_b,
          chequers_serial_rivers_micro_e, chequers_serial_rivers_micro_b,
          chequers_serial_rivers_large_a, kennysheep_cluttered_room,
          nicolae_houndstooth_variations
D:4:      minmay_door_path, layout_basic, kennysheep_little_box, uniq_grinder,
          uniq_eustachio
D:5:      layout_loops_cross, serial_shops, shop, shop, corexii_corridor_pit,
          uniq_menkaure

Skill      XL: |  1  2  3  4  5 |
---------------+----------------+-----
Fighting       | 4 |  4.9
Armour         | 4 5 |  5.1
Shields        | 4 |  4.7
Axes           | 3 4 |  4.7
Dodging        | |  0.7
Stealth        | |  0.4

Action                     |  1- 3 |  4- 6 || total
---------------------------+-------+-------++-------
  Melee: War axe           |    73 |    60 ||   133
         Headbutt          |    10 |    18 ||    28
 Armour: Scale mail        |    27 |    27 ||    54
  Dodge: Dodged            |    33 |    28 ||    61
  Block: Buckler           |    24 |    15 ||    39

Table legend: (Time is in decaauts)
 A = Elapsed time spent in this place.
 B = Non-inter-level travel time spent in this place.
 C = Inter-level travel time spent in this place.
 D = Time resting spent in this place.
 E = Time spent auto-exploring this place.
 F = Levels seen in this place.
 G = Mean time per level.
                   A        B        C        D        E       F      G
               +--------+--------+--------+--------+--------+-----+--------+
         Total |   2833 |   2650 |    183 |     95 |   2140 |   5 |  566.6 |
       Dungeon |   2833 |   2650 |    183 |     95 |   2140 |   5 |  566.6 |
               +--------+--------+--------+--------+--------+-----+--------+

Top non-repeatable levels by time:
     D:3: 908 daAuts
     D:2: 822 daAuts
     D:1: 782 daAuts
     D:4: 287 daAuts
     D:5: 32 daAuts
